 Dungeon Crawl Stone Soup version 0.28.0-62-gf88900778d (webtiles) character file.

Game seed: 2469524218221239298

3856 cbfl8 the Cleaver (level 9, -10/103 HPs)
             Began as a Demonspawn Berserker on July 6, 2023.
             Was a Priest of Trog.
             Mangled by an orc warrior
             ... wielding a +0 halberd
              (12 damage)
             ... on level 8 of the Dungeon.
             The game lasted 00:09:07 (10144 turns).

cbfl8 the Cleaver (Demonspawn Berserker)           Turns: 10144, Time: 00:09:07

Health: -10/103    AC: 12    Str: 24    XL:     9   Next: 99%
Magic:  9/9        EV:  9    Int:  9    God:    Trog [***...]
Gold:   244        SH:  0    Dex: 22    Spells: 8/8 levels left

rFire   . . .      SeeInvis .   p - +2 broad axe (venom)
rCold   . . .      Faith    .   (no shield)
rNeg    . . .      Spirit   .   g - +0 chain mail
rPois   .          Reflect  .   (helmet restricted)
rElec   .          Harm     .   E - +0 cloak
rCorr   .          Rampage  .   F - +0 pair of gloves
Will    .....                   (no boots)
Stlth   ..........              (no amulet)
HPRegen 0.27/turn               B - +6 ring of dexterity
MPRegen 0.22/turn               z - +6 ring of strength

@: berserking (expiring), very quick
A: antennae 2, powered by death 1, magic regeneration
a: Renounce Religion, Berserk, Trog's Hand


You were on level 8 of the Dungeon.
You worshipped Trog.
Trog was most pleased with you.
You visited 1 branch of the dungeon, and saw 8 of its levels.

You collected 419 gold pieces.
You spent 175 gold pieces at shops.

Inventory:

Hand Weapons
 p - a +2 broad axe of venom (weapon)
 q - a +1 antimagic hand axe
 w - a +1 broad axe
Missiles
 y - 4 throwing nets (quivered)
Armour
 g - a +0 chain mail (worn)
 E - a +0 cloak (worn)
 F - a +0 pair of gloves (worn)
Jewellery
 r - a ring of protection from cold
 z - a +6 ring of strength (right hand)
 B - a +6 ring of dexterity (left hand)
Wands
 s - a wand of polymorph (5)
 u - a wand of charming (9)
 H - a wand of iceblast (7)
Scrolls
 a - a scroll of amnesia {unknown}
 e - a scroll of blinking
 f - 4 scrolls of teleportation
 h - 2 scrolls of magic mapping {unknown}
 k - 2 scrolls of silence
 o - 2 scrolls of fear
 t - a scroll of noise
 A - 2 scrolls of summoning
 G - a scroll of identify
 I - a scroll of fog {unknown}
Potions
 b - 4 potions of haste
 c - 2 potions of lignification {unknown}
 d - a potion of mutation {unknown}
 i - 2 potions of flight {unknown}
 j - 2 potions of magic {unknown}
 l - 3 potions of curing {unknown}
 m - 2 potions of berserk rage {unknown}
 n - a potion of might {unknown}
 v - a potion of heal wounds
 x - a potion of resistance {unknown}
 C - a potion of cancellation {unknown}
 D - a potion of ambrosia {unknown}


   Skills:
 + Level 5.8 Fighting
 + Level 8.6 Axes
 * Level 3.0 Throwing
 + Level 5.2 Armour
 - Level 1.7 Dodging
 + Level 2.0 Stealth
 + Level 3.6 Shields
 + Level 0.6 Unarmed Combat
 * Level 5.7 Evocations


You had 8 spell levels left.
You didn't know any spells.
Your spell library was empty.

Dungeon Overview and Level Annotations

Branches:
Dungeon (8/15)             Temple (0/1) D:7
   Lair: D:8-11

Altars:
Trog

Shops:
D:6 (?[

Annotations:
D:8 Erica, Grum


Innate Abilities, Weirdness & Mutations

You have a pair of antennae on your head.
You regenerate a little health from kills.
You regenerate magic rapidly.


Message History

The orc warrior hits you from afar with a +0 halberd!
You barely miss something. Something hits you. Something shocks you.
The orc warrior hits you but does no damage.
You completely miss something. Something hits you but does no damage.
The orc warrior hits you but does no damage.
You slash something! Something hits you. Something shocks you.
* * * LOW HITPOINT WARNING * * *
You closely miss something. The orc warrior barely misses you.
You slice something!! Trog accepts your kill.
Reactivating autopickup.
You feel a bit more experienced. The orc warrior barely misses you.
Found 12 gold pieces.
The wolf howls!
The orc warrior barely misses you.
You barely miss the orc warrior. Your punch misses the orc warrior.
The orc warrior hits you with a +0 halberd!
* * * LOW HITPOINT WARNING * * *
You slash the orc warrior!
The orc warrior is poisoned.
The orc warrior is heavily wounded.
You closely miss the wolf. The wolf bites you.
* * * LOW HITPOINT WARNING * * *
A howler monkey zombie comes into view.
You hit the orc warrior but do no damage.
The orc warrior looks as sick as possible!
The orc warrior is heavily wounded.
You closely miss the wolf. The wolf completely misses you.
The orc warrior hits you with a +0 halberd!
* * * LOW HITPOINT WARNING * * *
You closely miss the orc warrior.
The orc warrior is severely wounded.
You closely miss the wolf. The wolf bites you.
* * * LOW HITPOINT WARNING * * *
An orc comes into view. It is wielding a +0 dagger.
The orc warrior hits you with a +0 halberd.
* * * LOW HITPOINT WARNING * * *
The wolf bites you but does no damage.
The orc shouts!
The orc warrior hits you from afar with a +0 halberd!
You die...

..................
.... #....
...###### #.# #..#
##.## ...# ..# #..#
#.# #.# #..# #.#
### #.+ #..# #.#
..##.# #.#####.#
$...# { #.......#
#.#.#######..######
#.#@.).......#
#h##..#.##..#
{#o#.#.###.#..# #o
.### ....# {K# #.
.#..# g# .# .#..#
.# Z# #...# .# .
...# #. #


You could see Grum, an orc warrior (extremely poisoned), a kobold brigand, a
wolf and an orc.

Vanquished Creatures
  Harold (D:7)
  Pikel (D:5)
  Psyche (D:8)
  Prince Ribbit (D:5)
  A sky beast (D:8)
  3 ice beasts
  A black bear (D:7)
  A necrophage (D:6)
  An orc warrior (D:5)
  2 ogres
  4 lemures (D:5)
  2 wolves (D:8)
  A kobold brigand (D:7)
  2 bullfrogs
  2 scorpions
  A wyvern skeleton (D:6)
  A howler monkey (D:7)
  2 centaur zombies
  4 jellies
  4 orc priests
  6 hounds
  Crazy Yiuf (D:6)
  A bullfrog skeleton (D:4)
  2 centaur skeletons
  4 iguanas
  5 orc wizards
  A howler monkey skeleton (D:4)
  8 adders
  A white imp (D:7)
  An adder skeleton (D:4)
  A dart slug (D:3)
  17 orcs
  7 ball pythons
  5 bats
  7 endoplasms
  4 giant cockroaches
  6 hobgoblins
  13 kobolds
  3 quokkas
  3 training dummies (D:6)
  A frilled lizard (D:1)
  9 goblins
  9 rats
151 creatures vanquished.

Vanquished Creatures (others)
  6 plants
6 creatures vanquished.

Grand Total: 157 creatures vanquished

Notes
Turn   | Place    | Note
-------+----------+-------------------------------------------
     0 | D:1      | cbfl8 the Demonspawn Berserker began the quest for the Orb.
     0 | D:1      | Reached XP level 1. HP: 18/18 MP: 1/1
   217 | D:1      | Gained mutation: You have a pair of small antennae on your
                  | head. [demonic ancestry]
   217 | D:1      | Reached XP level 2. HP: 24/24 MP: 2/2
   440 | D:1      | Found a faded altar of an unknown god.
   516 | D:1      | Reached skill level 1 in Shields
   561 | D:1      | Reached skill level 3 in Axes
  1031 | D:2      | Reached skill level 1 in Evocations
  1031 | D:2      | Reached XP level 3. HP: 26/29 MP: 3/3
  1166 | D:2      | Reached ** piety under Trog
  1330 | D:2      | Gained mutation: You regenerate magic rapidly. [demonic
                  | ancestry]
  1330 | D:2      | Reached XP level 4. HP: 30/35 MP: 4/4
  1945 | D:3      | Gained mutation: You have a pair of antennae on your head.
                  | [demonic ancestry]
  1945 | D:3      | Reached XP level 5. HP: 26/42 MP: 5/5
  1947 | D:3      | Reached skill level 4 in Axes
  2666 | D:3      | Found a bloodstained altar of Trog.
  3282 | D:4      | Reached XP level 6. HP: 19/48 MP: 2/6
  3609 | D:4      | HP: 1/48 [poisoned by a scorpion]
  4955 | D:5      | Entered Level 5 of the Dungeon
  5060 | D:5      | Reached skill level 1 in Stealth
  5060 | D:5      | Reached XP level 7. HP: 55/55 MP: 2/7
  5377 | D:5      | Reached *** piety under Trog
  5595 | D:5      | Reached skill level 5 in Axes
  5871 | D:5      | Noticed Pikel
  5886 | D:5      | Killed Pikel
  5887 | D:5      | Reached skill level 6 in Axes
  5887 | D:5      | Gained mutation: You regenerate a little health from kills.
                  | [demonic ancestry]
  5887 | D:5      | Reached XP level 8. HP: 22/61 MP: 2/8
  6120 | D:5      | Noticed Prince Ribbit
  6137 | D:5      | Killed Prince Ribbit
  6763 | D:6      | Found Gitaa's Firing Range.
  6979 | D:6      | Reached skill level 5 in Fighting
  6979 | D:6      | Reached skill level 7 in Axes
  7102 | D:6      | Reached skill level 1 in Throwing
  7274 | D:6      | Found Anobboxora's Magic Scroll Emporium.
  7287 | D:6      | Reached XP level 9. HP: 68/68 MP: 3/9
  7299 | D:6      | Bought a scroll of teleportation for 30 gold pieces
  7299 | D:6      | Bought a scroll of teleportation for 30 gold pieces
  7299 | D:6      | Bought a scroll of identify for 20 gold pieces
  7299 | D:6      | Bought a scroll of summoning for 95 gold pieces
  7300 | D:6      | Identified a scroll of acquirement
  7302 | D:6      | Acquired a +2 broad axe of venom
  7808 | D:6      | Found Xulepsy's Armour Boutique.
  8010 | D:6      | Found a runed translucent door.
  8010 | D:6      | Noticed Crazy Yiuf
  8342 | D:6      | Killed Crazy Yiuf
  8670 | D:7      | Found a staircase to the Ecumenical Temple.
  8732 | D:7      | Reached skill level 5 in Evocations
  9058 | D:8      | Noticed Psyche
  9090 | D:8      | Killed Psyche
  9101 | D:8      | Reached skill level 8 in Axes
  9118 | D:8      | Noticed Erica
  9119 | D:8      | Noticed Grum
  9523 | D:8      | Noticed Harold
  9794 | D:7      | Killed Harold
  9795 | D:7      | Reached skill level 5 in Armour
 10143 | D:8      | HP: 4/103 [wolf[Grum] (6)]
 10144 | D:8      | Mangled by an orc warrior

Illustrated notes

Levels and vault maps discovered:
D:1:      minmay_arrival_cross, layout_basic, nicolae_ecumenical_snake_handling
D:2:      layout_rooms, kennysheep_decorative_pillar, serial_bayou_ford_a
D:3:      layout_basic, trog_antimagical
D:4:      layout_cave_pools
D:5:      layout_gridville, chequers_serial_rivers_room_a, uniq_pikel,
          uniq_prince_ribbit1
D:6:      layout_basic, serial_shops, nicolae_shop_waterfront,
          kennysheep_mini_moat, nicolae_shop_firing_range,
          uniq_crazy_yiuf_cottage
D:7:      layout_gridville, minmay_temple_entry_ruins,
          chequers_serial_rivers_marsh
D:8:      layout_rooms, david_lair_shrubbed, hangedman_abyss_or_decor_clamps,
          minmay_shattered_shrine, uniq_harold, uniq_grum, uniq_erica,
          uniq_psyche

Skill      XL: |  1  2  3  4  5  6  7  8  9 |
---------------+----------------------------+-----
Shields        | 1 2 3 |  3.6
Axes           | 3 4 6 7 8 |  8.6
Evocations     | 1 2 3 4 5 |  5.7
Armour         | 2 3 4 5 |  5.2
Fighting       | 4 5 |  5.8
Stealth        | 1 2 |  2.0
Throwing       | 1 3 |  3.0
Dodging        | |  1.7
Unarmed Combat | |  0.6

Action                   |  1- 3 |  4- 6 |  7- 9 || total
-------------------------+-------+-------+-------++-------
Melee: Hand axe          |    83 |   165 |   152 ||   400
       Punch             |       |     1 |     3 ||     4
       Broad axe         |       |       |    77 ||    77
       Unarmed           |       |       |     5 ||     5
Invok: Berserk           |     1 |     4 |     9 ||    14
Evoke: Wand              |       |       |     3 ||     3
  Use: Scroll            |       |     4 |     9 ||    13
       Potion            |       |     3 |       ||     3
 Stab: Confused          |       |       |     1 ||     1
Armor: Animal skin       |    15 |       |       ||    15
       Ring mail         |    16 |    69 |       ||    85
       Chain mail        |       |    12 |   131 ||   143
       Skin              |       |       |     1 ||     1
Dodge: Dodged            |    64 |    94 |   120 ||   278
